 Dungeon Crawl Stone Soup version 0.28.0 (webtiles) character file.

Game seed: 16561490317233852156

119 mkm the Skirmisher (level 4, -1/42 HPs)
             Began as a Minotaur Berserker on Feb 9, 2022.
             Was a Believer of Trog.
             Slain by a hornet zombie (4 damage)
             ... on level 3 of the Dungeon.
             The game lasted 00:05:12 (1725 turns).

mkm the Skirmisher (Minotaur Berserker)             Turns: 1725, Time: 00:05:12

Health: -1/42      AC: 12    Str: 21    XL:     4   Next: 73%
Magic:  3/3        EV:  7    Int:  4    God:    Trog [**....]
Gold:   95         SH:  0    Dex: 12    Spells: 3/3 levels left

rFire   . . .      SeeInvis .   d - +0 hand axe
rCold   . . .      Faith    .   (no shield)
rNeg    . . .      Spirit   .   c - +0 plate armour
rPois   .          Reflect  .   (helmet restricted)
rElec   .          Harm     .   (no cloak)
rCorr   .          Rampage  .   (no gloves)
Will    .....                   h - +0 pair of boots
Stlth   ..........              (no amulet)
HPRegen 0.14/turn               (no ring)
MPRegen 0.08/turn               (no ring)

@: no status effects
A: horns 2, retaliatory headbutt
a: Renounce Religion, Berserk, Trog's Hand


You were on level 3 of the Dungeon.
You worshipped Trog.
Trog was pleased with you.
You visited 1 branch of the dungeon, and saw 3 of its levels.

You collected 95 gold pieces.

Inventory:

Hand Weapons
 d - a +0 hand axe (weapon)
Armour
 c - a +0 plate armour (worn)
 h - a +0 pair of boots (worn)
Scrolls
 b - a scroll of immolation
 e - a scroll of fear
 g - a scroll of teleportation
Potions
 a - a potion of haste {unknown}
 f - a potion of magic {unknown}
 i - 2 potions of brilliance {unknown}
 j - a potion of lignification {unknown}
 k - a potion of curing {unknown}


   Skills:
 + Level 5.3 Fighting
 + Level 2.0(3.1) Axes
 - Level 3.6(3.9) Maces & Flails
 + Level 3.5 Armour
 + Level 2.7 Dodging


You had 3 spell levels left.
You didn't know any spells.
Your spell library was empty.

Dungeon Overview and Level Annotations

Branches:
Dungeon (3/15)

Altars:
Xom

Shops:
D:1 (


Innate Abilities, Weirdness & Mutations

You have a pair of horns on your head.
You reflexively headbutt those who attack you in melee.


Message History

You closely miss the hornet zombie.
The hornet zombie is moderately damaged.
The hornet zombie barely misses you. The hornet zombie hits you.
You barely miss the hornet zombie.
The hornet zombie is moderately damaged.
The hornet zombie hits you.
You hit the hornet zombie.
The hornet zombie is moderately damaged.
The hornet zombie hits you but does no damage. x2
You barely miss the hornet zombie. You headbutt the hornet zombie.
The hornet zombie is heavily damaged.
You closely miss the goblin. The hornet zombie barely misses you.
The goblin hits you but does no damage.
You hit the hornet zombie but do no damage.
The hornet zombie is heavily damaged.
You closely miss the goblin. The hornet zombie hits you.
The goblin hits you with a +0 dagger.
The hornet zombie hits you but does no damage.
You hit the hornet zombie but do no damage.
The hornet zombie is heavily damaged.
You hit the goblin.
The hornet zombie hits you but does no damage.
The goblin hits you but does no damage.
The hornet zombie hits you but does no damage.
You hit the hornet zombie. You headbutt the hornet zombie.
The hornet zombie is heavily damaged.
You hit the goblin but do no damage. The goblin hits you but does no damage.
The hornet zombie hits you but does no damage.
You slash the hornet zombie!
The hornet zombie is severely damaged.
You closely miss the goblin.
The hornet zombie hits you but does no damage.
The goblin closely misses you. The hornet zombie hits you!
* * * LOW HITPOINT WARNING * * *
You barely miss the hornet zombie.
The hornet zombie is severely damaged.
You closely miss the goblin. The goblin hits you with a +0 dagger.
* * * LOW HITPOINT WARNING * * *
The hornet zombie hits you.
You die...

.# ##....^.## .#
.........# .#
##.......# .#
#.......# .#
##......## .# #
##......## .# ###.#
#.......# .##.<..#
#.......# ....#
#....@..#
..########.....gZ.##
...................#
#).....#..##.......#
#........###.......#
#.......## ##.....##
........## ##...##
.......... #...#
........###


You could see a hornet zombie and a goblin.

Vanquished Creatures
  A hound (D:3)
  3 adders
  A worm (D:2)
  A dart slug (D:1)
  An orc (D:3)
  6 ball pythons
  8 bats
  3 endoplasms
  A giant cockroach (D:2)
  3 hobgoblins (D:3)
  3 quokkas
  5 frilled lizards
  5 goblins
  10 kobolds
  3 rats
54 creatures vanquished.

Notes
Turn   | Place    | Note
-------+----------+-------------------------------------------
     0 | D:1      | mkm the Minotaur Berserker began the quest for the Orb.
     0 | D:1      | Reached XP level 1. HP: 19/19 MP: 0/0
   164 | D:1      | Reached skill level 4 in Fighting
   209 | D:1      | Reached XP level 2. HP: 27/27 MP: 1/1
   256 | D:1      | Found Wuexotui's Antique Weapon Emporium.
   775 | D:2      | Reached XP level 3. HP: 33/34 MP: 2/2
   941 | D:2      | Reached ** piety under Trog
   979 | D:2      | Reached skill level 5 in Fighting
  1170 | D:2      | Identified the +0 leather armour of the Furrier {rElec
                  | Will- Str+3}
  1248 | D:2      | Reached skill level 1 in Axes
  1428 | D:3      | Reached XP level 4. HP: 42/42 MP: 3/3
  1534 | D:3      | Found a shimmering altar of Xom.
  1665 | D:3      | Found a faded altar of an unknown god.
  1725 | D:3      | Slain by a hornet zombie

Illustrated notes

Levels and vault maps discovered:
D:1:      arrival_zaba_pyramid, layout_basic, serial_shops, nicolae_diamond_shop
D:2:      layout_basic
D:3:      layout_rooms, lemuel_coloured_pillars_altar,
          brannock_xom_greatest_gift, chequers_ecumenical_altar_island

Skill      XL: |  1  2  3  4 |
---------------+-------------+-----
Fighting       | 4 5 |  5.3
Armour         | 3 |  3.5
Axes           | 1 2 |  2.0
Maces & Flails | |  3.6
Dodging        | |  2.7

Action                   |  1- 3 |  4- 6 || total
-------------------------+-------+-------++-------
Melee: Mace              |    30 |       ||    30
       Headbutt          |     9 |     5 ||    14
       Hand axe          |    62 |    53 ||   115
       Punch             |     1 |     1 ||     2
  Use: Scroll            |     1 |     2 ||     3
Armor: Plate armour      |    74 |    46 ||   120
       Animal skin       |     1 |       ||     1
Dodge: Dodged            |    38 |    16 ||    54
